 Dungeon Crawl Stone Soup version 0.30-a0-620-g0e44632947 (webtiles) character file.

Game seed: 13082876199055590982

36951 Malachi the Unseen (level 13, 0/68 HPs)
             Began as a Felid Monk on Jan 10, 2023.
             Was an Elder of Jiyva.
             Slain by a death knight
             ... wielding a +0 halberd
              (18 damage)
             ... on level 13 of the Dungeon.
             The game lasted 00:33:51 (23174 turns).

Malachi the Unseen (Felid Monk)                    Turns: 23174, Time: 00:33:52

Health: 0/68       AC:  9    Str: 11    XL:     13   Next: 55%
Magic:  23/23      EV: 32    Int: 10    God:    Jiyva [****..]
Gold:   1915       SH:  4    Dex: 23    Spells: 24/24 levels left
                                        Lives:  0   Deaths: 4

rFire   . . .      SeeInvis +      - Unarmed
rCold   + . .      Faith    .    (shield unavailable)
rNeg    . . .      Spirit   .    (body armour unavailable)
rPois   .          Reflect  .    (helmet unavailable)
rElec   .          Harm     .    (cloak unavailable)
rCorr   +          Rampage  .    (gloves unavailable)
Will    +....      Clarity  +    (boots unavailable)
Stlth   ++++++                   r - amulet of Vitality {RegenMP++ Regen++}
HPRegen 3.19/turn                l - +4 ring of slaying
MPRegen 1.38/turn                e - +4 ring of slaying

@: quick
A: very small, claws 1, fangs 3, see invisible, speed 1, shaggy fur 3, stealthy
paws, no weapons or thrown items, no armour, multi-lived, iridescent scales 3,
large bone plates 1, clarity, strong 1, MP-powered wands
a: Renounce Religion, Oozemancy, Slimify


You were on level 13 of the Dungeon.
You worshipped Jiyva.
Jiyva was greatly pleased with you.
You visited 3 branches of the dungeon, and saw 19 of its levels.
You also visited: Bailey.

You collected 1915 gold pieces.

Inventory:

Jewellery
 e - a +4 ring of slaying (right paw)
 j - a +6 ring of intelligence
 l - a +4 ring of slaying (left paw)
 r - the amulet of Vitality (around neck) {RegenMP++ Regen++}
   (You found it on level 9 of the Dungeon)

   [amulet of magic regeneration]

   It increases your rate of magic regeneration.
   Regen:     It increases your rate of health regeneration.
 u - a ring of ice
 x - a ring of wizardry
 y - a ring of protection from cold
 A - a ring of willpower
 B - the ring "Wasso" {Fire Dex+3}
   (You found it on level 3 of the Lair of Beasts)

   [ring of fire]

   It enhances your fire magic.
   Dex:       It affects your dexterity (+3).
   rF:        It protects you from fire.
   rC:        It makes you vulnerable to cold.
 G - a ring of positive energy
Wands
 b - a wand of flame (24)
 i - a wand of iceblast (8)
 n - a wand of polymorph (13)
 p - a wand of mindburst (4)
 H - a wand of light (2)
Scrolls
 c - 6 scrolls of magic mapping
 g - 3 scrolls of butterflies
 o - 6 scrolls of teleportation
 v - a scroll of fog
Potions
 a - 3 potions of ambrosia
 f - 5 potions of brilliance
 h - 6 potions of haste
 k - 2 potions of might
 q - 3 potions of magic
 t - a potion of berserk rage
 w - a potion of cancellation
 z - 3 potions of heal wounds
 C - 3 potions of flight
 D - a potion of curing


   Skills:
 + Level 14.5 Fighting
 - Level 15.0 Dodging
 - Level 15.0 Stealth
 - Level 12.0 Unarmed Combat
 - Level 6.0 Spellcasting
 - Level 6.0 Air Magic
 - Level 10.0 Evocations


You had 24 spell levels left.
You didn't know any spells.
Your spell library contained the following spells:

 Spells                   Type           Power      Damage    Failure   Level
 Swiftness                Air            15%        N/A       5%          3
 Shock                    Conj/Air       36%        1d5       6%          1
 Poisonous Vapours        Pois/Air       18%        N/A       9%          2
 Cigotuvi's Dreadful Rot  Necr/Pois/Air  14%        N/A       14%         2
 Airstrike                Air            7%         2d(2-18)  17%         4
 Beastly Appendage        Tmut           6%         N/A       21%         1
 Mephitic Cloud           Conj/Pois/Air  7%         N/A       26%         3
 Wereblood                Tmut           3%         N/A       30%         2
 Gell's Gravitas          Tloc           3%         N/A       52%         3
 Hailstorm                Conj/Ice       3%         3d3       52%         3
 Ozocubu's Armour         Ice            3%         N/A       52%         3
 Spider Form              Tmut/Pois      3%         N/A       52%         3
 Teleport Other           Tloc           3%         N/A       52%         3
 Animate Dead             Necr           3%         N/A       90%         4
 Ice Form                 Ice/Tmut       3%         N/A       90%         4
 Alistair's Intoxication  Tmut/Pois      2%         N/A       99%         5
 Borgnjor's Vile Clutch   Necr/Erth      1%         N/A       99%         5
 Dispersal                Tloc           1%         N/A       100%        6
 Eringya's Noxious Bog    Tmut/Pois      1%         N/A       100%        6
 Simulacrum               Ice/Necr       1%         N/A       100%        6
 Haunt                    Necr/Summ      1%         N/A       100%        7
 Ozocubu's Refrigeration  Ice            1%         4d7       100%        7
 Infestation              Necr           1%         N/A       100%        8


Dungeon Overview and Level Annotations

Branches:
Dungeon (13/15)            Temple (1/1) D:6            Lair (5/5) D:11
  Swamp (0/4) Lair:3        Snake (0/4) Lair:3        Slime (0/5) Lair:4
    Orc (0/2) D:9          Bailey (visited)
 Vaults: D:13-14

Altars:
Ashenzari
Cheibriados
Dithmenos
Elyvilon
Fedhas
Gozag
Hepliaklqana
Kikubaaqudgha
Makhleb
Nemelex Xobeh
Okawaru
Qazlal
Ru
Sif Muna
Trog
Uskayaw
Vehumet
Wu Jian
Xom
Yredelemnul
Zin
The Shining One
Jiyva

Shops:
D:2 (


Innate Abilities, Weirdness & Mutations

You have sharp claws.
You have razor-sharp teeth.
You have supernaturally acute eyesight. (SInv)
You cover ground quickly. (Speed+)
Your thick and shaggy fur keeps you warm. (AC +3, rC+)
Your paws help you pounce on unaware monsters.
You are incapable of wielding weapons or throwing items.
You cannot wear armour.
You gain extra lives every three experience levels.
You are completely covered in iridescent scales. (AC +6)
You are partially covered in large bone plates. (SH +4)
You possess an exceptional clarity of mind.
Your muscles are strong. (Str +4, Int/Dex -1)
You expend magic power (3 MP) to strengthen your wands.


Message History

The yaktaur is almost dead.
The yaktaur completely misses you.
You mangle the yaktaur!!
You kill the yaktaur!
No target in view!
No target in view!
No target in view!
You see here a +0 arbalest.
You hear a slurping noise.
You hear a distant slurping noise.
You hear a distant slurping noise.
You hear a distant slurping noise.
You hear a distant slurping noise.
A death knight comes into view. It is wielding a +0 halberd.
You hear a slurping noise.
A deep elf zephyrmancer comes into view.
It is wielding a +0 rapier.
Found a longbow.
You barely miss the death knight.
The death knight shouts!
Your bite misses the death knight.
The deep elf zephyrmancer shouts!
You hear a shout!
The death knight invokes the aid of Yredelemnul against you.
Your body is wracked with pain!
A centaur warrior comes into view.
You scratch the death knight.
You bite the death knight, but do no damage.
The death knight is lightly wounded.
The deep elf zephyrmancer mumbles some strange words.
The deep elf zephyrmancer blinks!
The death knight completely misses you.
You scratch the death knight.
The death knight is lightly wounded.
The death knight hits you with a +0 halberd!!
* * * LOW HITPOINT WARNING * * *
You are too injured to fight recklessly!
You are too injured to fight recklessly!
Unknown command.
You claw the death knight!
The death knight is moderately wounded.
The death knight hits you from afar with a +0 halberd!!
You die...

.........................
.........................
.........................
.........................
################...#####
#...# #...# ####
#...#######
....###@###....)#
.....#...#..c.... #....p#
######...######
#............[#
#.............#
#..###...###..# #. #...#
.# # #:.... #


You could see a death knight.

Vanquished Creatures
  A rakshasa (D:13)
  Fannar (Lair:1)
  5 hydras
  Erica (Lair:1)
  4 catoblepae
  A centaur warrior (D:13)
  8 death yaks (Lair:5)
  A tengu warrior (D:13)
  Sonja (D:11)
  Nergalle (Lair:2)
  The ghost of Malachi the Nimble, a novice FeMo (Lair:3)
  Amaemon (Lair:2)
  Pikel (D:6)
  4 manticores
  2 oklob plants (Lair:2)
  An ugly thing (D:12)
  3 cyclopes
  2 wolf spiders (Lair:5)
  23 elephants
  Maurice (D:8)
  A black mamba (Lair:4)
  Joseph (D:7)
  An orange demon (Lair:2)
  3 torpor snails (Lair:5)
  9 cane toads
  Maggie (D:6)
  3 kobold demonologists
  An unseen horror (D:11)
  5 komodo dragons
  A yaktaur (D:13)
  7 rime drakes
  A freezing wraith (D:13)
  A troll (D:10)
  A hornet (D:9)
  13 polar bears
  A raiju (Lair:5)
  2 dream sheep (Lair:5)
  18 blink frogs
  Sigmund (D:6)
  2 wraiths
  39 yaks
  A vampire (D:10)
  8 wyverns
  2 shadows
  Grum (Bailey)
  Eustachio (D:5)
  6 wargs (Lair:5)
  3 basilisks
  7 steam dragons
  13 vampire mosquitoes
  6 nagas (Lair:3)
  An acid dragon (D:8)
  12 water moccasins
  14 hell hounds (Lair:5)
  2 ice beasts
  10 orc warriors
  A sky beast (D:8)
  2 black mamba simulacra (Lair:3)
  An ogre (D:5)
  11 black bears
  20 wolves
  3 centaurs
  2 phantoms (D:6)
  4 kobold brigands
  8 bullfrogs
  10 gnoll sergeants
  8 scorpions
  2 necrophages
  5 wights (D:8)
  3 blink frog simulacra (Lair:3)
  16 killer bees
  An elephant simulacrum (Lair:3)
  5 howler monkeys
  3 electric eels
  A torpor snail simulacrum (Lair:3)
  2 komodo dragon simulacra (Lair:3)
  5 hounds
  3 jellies
  Crazy Yiuf (D:2)
  12 orc priests
  6 gnoll boudas (Bailey)
  An iguana (D:6)
  Natasha (twice) (D:3)
  6 orc wizards
  7 hell rats
  26 gnolls
  12 adders
  A white imp (D:7)
  An ufetubus (D:5)
  2 worms (D:2)
  5 dart slugs
  41 orcs
  13 ball pythons
  2 bats
  5 endoplasms
  5 giant cockroaches (D:7)
  5 goblins
  11 hobgoblins
  2 jackals (D:5)
  27 kobolds
  4 quokkas
  3 frilled lizards
  8 rats
  A butterfly (D:7)
587 creatures vanquished.

Vanquished Creatures (others)
  3 black bears (Lair:5)
  7 jellies
  An orc (D:11)
  A bush (Lair:5)
  53 fungi
  89 plants
154 creatures vanquished.

Grand Total: 741 creatures vanquished

Notes
Turn   | Place    | Note
-------+----------+-------------------------------------------
     0 | D:1      | Malachi the Felid Monk began the quest for the Orb.
     0 | D:1      | Reached XP level 1. HP: 10/10 MP: 2/2
   186 | D:1      | Reached XP level 2. HP: 14/14 MP: 3/3
   801 | D:1      | Found a faded altar of an unknown god.
   960 | D:2      | Reached XP level 3. HP: 10/17 MP: 4/4
  1429 | D:2      | Found a runed translucent door.
  1430 | D:2      | Noticed Crazy Yiuf
  1692 | D:2      | Reached XP level 4. HP: 17/21 MP: 5/5
  1972 | D:2      | Found Qujez's Antique Weapon Shoppe.
  2149 | D:2      | HP: 1/21 [Crazy Yiuf/+2 quarterstaff of chaos (10)]
  2281 | D:2      | Mangled by Crazy Yiuf
  2282 | D:2      | Reached XP level 3. HP: -12/17 MP: 4/4
  2302 | D:2      | Killed Crazy Yiuf
  2303 | D:2      | Reached skill level 5 in Dodging
  2303 | D:2      | Reached XP level 4. HP: 10/22 MP: 5/5
  2728 | D:3      | Reached XP level 5. HP: 34/34 MP: 6/6
  2729 | D:3      | Gained mutation: You are strong-willed. (Will+) [potion of
                  | mutation]
  2846 | D:3      | Found an iron altar of Okawaru.
  2886 | D:3      | Noticed Natasha
  2888 | D:3      | Killed Natasha
  3079 | D:3      | Noticed Natasha
  3090 | D:3      | Killed Natasha
  3627 | D:4      | Found a glowing silver altar of Zin.
  3627 | D:4      | Found a shimmering altar of Xom.
  3628 | D:4      | Noticed an angel
  3766 | D:4      | Gained mutation: You are covered in thick fur. (AC +2)
                  | [Felid growth]
  3766 | D:4      | Reached XP level 6. HP: 32/38 MP: 7/7
  4159 | D:4      | Lost mutation: You are strong-willed. (Will+) [potion of
                  | mutation]
  4159 | D:4      | Gained mutation: Your spells are a little easier to cast,
                  | but a little less powerful. [potion of mutation]
  4159 | D:4      | Gained mutation: You have a pair of small horns on your
                  | head. [potion of mutation]
  4159 | D:4      | Gained mutation: You possess an exceptional clarity of
                  | mind. [potion of mutation]
  4477 | D:4      | Reached skill level 5 in Stealth
  4477 | D:4      | Reached XP level 7. HP: 34/41 MP: 8/8
  4826 | D:5      | Entered Level 5 of the Dungeon
  5051 | D:5      | Noticed Eustachio
  5058 | D:5      | Killed Eustachio
  5097 | D:5      | Found a broken altar of Ashenzari.
  5132 | D:5      | Reached XP level 8. HP: 45/45 MP: 9/9
  5365 | D:5      | Reached skill level 5 in Unarmed Combat
  5525 | D:6      | Noticed Maggie
  5526 | D:6      | Noticed Sigmund
  5531 | D:6      | HP: 1/45 [ice beast (2)]
  5531 | D:6      | Slain by an ice beast
  5532 | D:6      | Reached XP level 7. HP: -4/42 MP: 8/8
  5550 | D:6      | Found a staircase to the Ecumenical Temple.
  5618 | D:6      | Killed Sigmund
  5632 | D:6      | Noticed a steam dragon
  5633 | D:6      | Killed Maggie
  5634 | D:6      | Reached XP level 8. HP: 9/45 MP: 9/9
  5915 | D:6      | You fall into a shaft and drop 2 floors!
  6070 | D:6      | Noticed Pikel
  6085 | D:6      | Killed Pikel
  6086 | D:6      | Reached XP level 9. HP: 42/49 MP: 10/10
  6221 | Temple   | Entered the Ecumenical Temple
  6535 | D:7      | Found a runed translucent door.
  6537 | D:7      | Found a runed translucent door.
  6928 | D:7      | Noticed Joseph
  6941 | D:7      | Killed Joseph
  7375 | D:7      | Reached XP level 10. HP: 53/53 MP: 11/11
  7494 | D:8      | Reached skill level 10 in Stealth
  7650 | D:8      | Found a burning altar of Makhleb.
  7656 | D:8      | Reached skill level 10 in Dodging
  7799 | D:8      | Noticed a green death
  7869 | D:8      | Noticed Maurice
  7888 | D:8      | Killed Maurice
  8798 | D:9      | Found a flagged portal.
  8817 | Bailey   | Entered a bailey
  9295 | Bailey   | Noticed Grum
  9335 | Bailey   | Killed Grum
 10158 | D:9      | Found the amulet of Vitality {RegenMP++ Regen++}
 10561 | D:9      | Reached XP level 11. HP: 57/57 MP: 12/12
 10573 | D:9      | Found a staircase to the Orcish Mines.
 10938 | D:10     | Entered Level 10 of the Dungeon
 10987 | D:10     | Lost mutation: You have a pair of small horns on your head.
                  | [potion of mutation]
 10987 | D:10     | Lost mutation: You possess an exceptional clarity of mind.
                  | [potion of mutation]
 10987 | D:10     | Gained mutation: You are partially covered in large bone
                  | plates. (SH +4) [potion of mutation]
 10987 | D:10     | Gained mutation: You are partially covered in iridescent
                  | scales. (AC +2) [potion of mutation]
 10987 | D:10     | Gained mutation: You have hidden genetic potential. [potion
                  | of mutation]
 11584 | D:10     | Found a sparkling altar of Nemelex Xobeh.
 11753 | D:11     | Found a staircase to the Lair.
 11877 | D:11     | Noticed Sonja
 11907 | D:11     | Killed Sonja
 12350 | D:11     | Reached skill level 10 in Unarmed Combat
 12638 | Lair:1   | Entered Level 1 of the Lair of Beasts
 12677 | Lair:1   | Noticed Fannar
 12700 | Lair:1   | Killed Fannar
 13256 | Lair:1   | Gained mutation: Your thick and shaggy fur keeps you warm.
                  | (AC +3, rC+) [Felid growth]
 13256 | Lair:1   | Reached XP level 12. HP: 61/61 MP: 13/13
 13359 | Lair:1   | Noticed Erica
 13365 | Lair:1   | Killed Erica
 13385 | Lair:1   | Gained mutation: You possess an exceptional clarity of
                  | mind. [hidden potential]
 13630 | Lair:2   | Noticed Nergalle
 13647 | Lair:2   | Killed Nergalle
 13851 | Lair:2   | Noticed Amaemon
 13864 | Lair:2   | Killed Amaemon
 13960 | Lair:2   | Found a blossoming altar of Fedhas.
 13968 | Lair:2   | Reached skill level 15 in Stealth
 14533 | Lair:3   | Found a runed translucent gate.
 14534 | Lair:3   | Found a runed translucent gate.
 14535 | Lair:3   | Found a runed translucent gate.
 14568 | Lair:3   | Found a staircase to the Snake Pit.
 14676 | Lair:3   | Reached skill level 15 in Dodging
 14774 | Lair:3   | Found a staircase to the Swamp.
 14801 | Lair:3   | Reached skill level 1 in Spellcasting
 14807 | Lair:3   | Reached skill level 1 in Air Magic
 14925 | Lair:3   | Noticed Malachi's ghost (novice FeMo)
 15525 | Lair:3   | Reached XP level 13. HP: 64/64 MP: 17/17
 15545 | Lair:3   | Killed from afar by Malachi's ghost
 15546 | Lair:3   | Reached XP level 12. HP: -11/61 MP: 16/16
 15597 | Lair:3   | Got the ring "Wasso" {Fire Dex+3}
 15627 | Lair:3   | Killed Malachi's ghost
 15636 | Lair:3   | Gained mutation: Your muscles are strong. (Str +4, Int/Dex
                  | -1) [hidden potential]
 15636 | Lair:3   | Lost mutation: You have hidden genetic potential. [hidden
                  | potential expressed]
 15941 | Lair:4   | Noticed a catoblepas
 15960 | Lair:4   | Killed a catoblepas
 16436 | Lair:4   | Found a staircase to the Slime Pits.
 16437 | Lair:4   | Found a viscous altar of Jiyva.
 16460 | Lair:4   | Became a worshipper of Jiyva Juzorgh the Shapeless
 16460 | Lair:4   | Reached * piety under Jiyva
 16460 | Lair:4   | Reached ** piety under Jiyva
 16479 | Lair:5   | Entered Level 5 of the Lair of Beasts
 16531 | Lair:5   | Noticed a death yak
 16531 | Lair:5   | Noticed a death yak
 16532 | Lair:5   | Noticed a death yak
 16532 | Lair:5   | Noticed a death yak
 16533 | Lair:5   | Noticed a death yak
 16560 | Lair:5   | Killed a death yak
 16572 | Lair:5   | Killed a death yak
 16573 | Lair:5   | Reached skill level 5 in Spellcasting
 16573 | Lair:5   | Reached skill level 5 in Air Magic
 16598 | Lair:5   | Killed a death yak
 16706 | Lair:5   | Noticed a six-headed hydra
 16711 | Lair:5   | Killed a six-headed hydra
 16756 | Lair:5   | Reached skill level 1 in Evocations
 16800 | Lair:5   | Reached XP level 13. HP: 64/64 MP: 23/23
 16887 | Lair:5   | Reached skill level 5 in Evocations
 17360 | Lair:5   | Reached *** piety under Jiyva
 17406 | Lair:5   | Lost mutation: You are partially covered in iridescent
                  | scales. (AC +2) [Jiyva's grace]
 17406 | Lair:5   | Lost mutation: Your spells are a little easier to cast, but
                  | a little less powerful. [Jiyva's grace]
 17406 | Lair:5   | Gained mutation: You are partially covered in iridescent
                  | scales. (AC +2) [Jiyva's grace]
 17406 | Lair:5   | Gained mutation: You are mostly covered in iridescent
                  | scales. (AC +4) [Jiyva's grace]
 17406 | Lair:5   | Gained mutation: You are completely covered in iridescent
                  | scales. (AC +6) [Jiyva's grace]
 17406 | Lair:5   | Gained mutation: You expend magic power (3 MP) to
                  | strengthen your wands. [Jiyva's grace]
 17803 | Lair:5   | Reached skill level 10 in Evocations
 18122 | Lair:5   | Reached XP level 14. HP: 52/69 MP: 24/24
 18364 | Lair:5   | Slain by a catoblepas
 18365 | Lair:5   | Reached XP level 13. HP: -1/66 MP: 23/23
 22662 | D:12     | Reached **** piety under Jiyva
 23174 | D:13     | Slain by a death knight

Illustrated notes

Levels and vault maps discovered:
D:1:      dpeg_arrival_refuge, layout_loops_ring,
          shapermc_ecumenical_altar_petra, minivault_14
D:2:      layout_loops_ring, serial_shops, nicolae_shop_stone,
          uniq_crazy_yiuf_cottage
D:3:      layout_loops_ring, okawaru_ov_weapons_minmay, serial_glass,
          glass_columns_a, glass_columns_b, glass_columns_a, glass_columns_b,
          glass_columns_a, glass_columns_a, glass_columns_c, glass_columns_a,
          item_on_display_a, due_unseen_surprise, item_on_display_a,
          nicolae_half_adder, uniq_natasha
D:4:      layout_cave_pods, grunt_temple_overflow_order_and_chaos_1,
          chequers_mini_garden
D:5:      layout_basic, mainiacjoe_overflow_boulevard, uniq_eustachio
D:6:      layout_cave_pools, minmay_temple_entry_large_hall, uniq_pikel,
          uniq_maggie, uniq_sigmund
D:7:      lemuel_insect_pit, layout_basic, uniq_joseph
D:8:      layout_loops_ring, makhleb_altar_promises_db, nicolae_titane,
          uniq_maurice
D:9:      layout_roguey, erik_orc_2, enter_bailey_2
D:10:     cheibrodos_steamvent, layout_cave_pools, lemuel_doored_altar,
          kennysheep_generic_room_14
D:11:     layout_basic, grunt_lair_entry_orc_guard_hut, uniq_sonja, uniq_grum
D:12:     layout_basic
D:13:     minmay_crescents, layout_long_grid, hangedman_abyss_or_decor_stagger,
          zin_scriptorium, uniq_rupert
Temple:   compressed_dpeg_triangle_lava_temple
Lair:1:   layout_regular_city, lemuel_fruit_fields, uniq_erica, uniq_fannar
Lair:2:   layout_roguey, hangedman_tree_tricks, minmay_hedge_maze,
          uniq_nergalle, uniq_amaemon
Lair:3:   layout_regular_city, minmay_swamp_entry_swarm,
          minmay_snake_entry_guardpost_medium, gammafunk_ghost_icy,
          minivault_27, nicolae_quartered_pool_medium
Lair:4:   layout_roguey, dpeg_slime_entry_corner, grunt_megastairs_5
Lair:5:   hangedman_lair_caniforms_friends, layout_small_grid,
          hangedman_lair_in_review, infiniplex_staircase_pool_2

Skill      XL: |  1  2  3  4  5  6  7  8  9 10 11 12 13 14 |
---------------+-------------------------------------------+-----
Stealth        | 3 4 5 7 8 9 11 13 15 | 15.0
Dodging        | 5 7 8 9 11 13 15 | 15.0
Fighting       | 11 12 14 13 | 14.5
Unarmed Combat | 4 6 7 8 10 12 | 12.0
Spellcasting   | 6 |  6.0
Air Magic      | 6 |  6.0
Evocations     | 2 10 | 10.0

Action                   |  1- 3 |  4- 6 |  7- 9 | 10-12 | 13-15 || total
-------------------------+-------+-------+-------+-------+-------++-------
Melee: Unarmed           |   109 |    97 |   173 |   920 |   547 ||  1846
       Bite              |    13 |     8 |    25 |   130 |   105 ||   281
       Punch             |     2 |     2 |     8 |    77 |    69 ||   158
       Headbutt          |       |     3 |    43 |    56 |       ||   102
Evoke: Wand              |       |       |       |    17 |    12 ||    29
  Use: Potion            |       |     7 |     6 |     5 |     1 ||    19
       Scroll            |       |     5 |     9 |     4 |     1 ||    19
 Stab: Sleeping          |    10 |    12 |    12 |    57 |     2 ||    93
       Distracted        |       |       |       |     4 |     4 ||     8
       Petrified         |       |       |       |       |     3 ||     3
Armor: Skin              |     1 |     6 |     6 |    43 |   104 ||   160
Dodge: Dodged            |    86 |    59 |   144 |   997 |   812 ||  2098
Block: Other             |       |       |       |   117 |   109 ||   226

Table legend: (Time is in decaauts)
 A = Elapsed time spent in this place.
 B = Non-inter-level travel time spent in this place.
 C = Inter-level travel time spent in this place.
 D = Time resting spent in this place.
 E = Time spent auto-exploring this place.
 F = Levels seen in this place.
 G = Mean time per level.
                   A        B        C        D        E       F      G
               +--------+--------+--------+--------+--------+-----+--------+
         Total |  20271 |  19349 |    922 |   6639 |   8300 |  20 | 1013.5 |
       Dungeon |  13869 |  13245 |    624 |   5481 |   5474 |  13 | 1066.8 |
        Temple |    180 |    174 |      6 |      0 |    167 |   1 |  180.0 |
          Lair |   4999 |   4708 |    291 |    407 |   2605 |   5 |  999.8 |
        Bailey |   1221 |   1221 |      0 |    751 |     53 |   1 | 1221.0 |
               +--------+--------+--------+--------+--------+-----+--------+

Top non-repeatable levels by time:
    D:11: 1960 daAuts
     D:9: 1759 daAuts
  Lair:5: 1681 daAuts
     D:8: 1512 daAuts
     D:2: 1391 daAuts
  Bailey: 1221 daAuts
     D:4: 1209 daAuts
    D:10: 1201 daAuts
     D:3: 1080 daAuts
  Lair:3: 1037 daAuts
     D:7: 901 daAuts
  Lair:2: 819 daAuts
     D:1: 809 daAuts
    D:12: 805 daAuts
  Lair:4: 734 daAuts
